 Dungeon Crawl Stone Soup version 0.17.0-9-g801d43b (webtiles) character file.

32930 septik the Infuser (level 13, -1/79 HPs)
             Began as a Deep Elf Fire Elementalist on Nov 9, 2015.
             Was a High Priest of Vehumet.
             Engulfed by Harold's flame (27 damage)
             ... on level 4 of the Lair of Beasts.
             The game lasted 02:12:17 (22182 turns).

septik the Infuser (Deep Elf Fire Elementalist)    Turns: 22182, Time: 02:12:17

Health: -1/79      AC: 16    Str:  9    XL:     13   Next: 34%
Magic:  8/29       EV: 11    Int: 26    God:    Vehumet [*****.]
Gold:   706        SH:  0    Dex: 15    Spells: 5 memorised, 13 levels left

rFire  . . .     SeeInvis .     E - +4 rapier (protect)
rCold  . . .     Clarity  .     h - +2 robe of Spite {Str+4}
rNeg   . . .     SustAt   .     (no shield)
rPois  .         Gourm    +     I - +1 helmet
rElec  .         Spirit   .     w - +0 cloak
rCorr  .         Warding  .     f - +0 pair of gloves
rMut   .         Stasis   .     (no boots)
MR     +....                    y - amulet of the gourmand
Stlth  ++........               p - +2 ring of protection
                                j - +3 ring of evasion

@: held, somewhat resistant to hostile enchantments, unstealthy
A: no striking features
a: Renounce Religion


You were on level 4 of the Lair of Beasts.
You worshipped Vehumet.
Vehumet was extremely pleased with you.
You were completely stuffed.

You visited 3 branches of the dungeon, and saw 15 of its levels.
You also visited: Ossuary.

You collected 706 gold pieces.

Inventory:

Hand Weapons
 E - a +4 rapier of protection (weapon)
Missiles
 k - 8 poisoned tomahawks
 l - 222 stones (quivered)
 X - a throwing net
Armour
 f - a +0 pair of gloves (worn)
 h - the +2 robe of Spite (worn) {Str+4}
   (You found it on level 1 of the Lair of Beasts)

   It affects your strength (+4).
 w - a +0 cloak (worn)
 H - a +2 animal skin
 I - a +1 helmet (worn)
Jewellery
 a - an uncursed ring of positive energy
 g - an uncursed ring of poison resistance
 j - a +3 ring of evasion (left hand)
 p - a +2 ring of protection (right hand)
 x - an uncursed ring of invisibility
 y - an amulet of the gourmand (around neck)
Wands
 D - a wand of polymorph (11)
 V - a wand of teleportation (5)
Scrolls
 e - 2 scrolls of enchant weapon
 n - 4 scrolls of identify
 o - a scroll of teleportation
 q - a scroll of recharging {unknown}
 s - a scroll of magic mapping
 u - a scroll of fear
 v - a scroll of amnesia
 G - 3 scrolls of remove curse
Potions
 b - a potion of cancellation {unknown}
 m - a potion of heal wounds
 r - 3 potions of agility
 z - 2 potions of invisibility
 B - 2 potions of curing
 L - 4 potions of brilliance
 N - 2 potions of resistance
 W - a potion of haste
 Z - a potion of flight
Miscellaneous
 C - a lantern of shadows
Comestibles
 c - 15 bread rations
 d - 13 fruits
 i - 8 meat rations
 t - 11 beef jerkies
 A - 2 chunks of flesh
 K - a royal jelly
 Q - 2 slices of pizza


   Skills:
 + Level 8.6 Fighting
 - Level 6.1 Short Blades
 - Level 4.9 Armour
 + Level 9.1 Dodging
 - Level 2.4 Stealth
 - Level 10.4 Spellcasting
 + Level 8.9 Conjurations
 * Level 11.3 Charms
 - Level 9.9 Fire Magic
 + Level 4.1 Air Magic
 - Level 5.6 Evocations


You had 13 spell levels left.
You knew the following spells:

 Your Spells              Type           Power        Failure   Level  Hunger
a - Flame Tongue          Conj/Fire      #####        1%          1    None
b - Conjure Flame         Conj/Fire      ######..     1%          3    None
c - Sticky Flame          Conj/Fire      ######..     1%          4    None
d - Fireball              Conj/Fire      ######....   1%          5    ####...
e - Deflect Missiles      Chrm/Air       ######....   34%         6    #####..


Dungeon Overview and Level Annotations

Branches:
Dungeon (10/15)            Temple (1/1) D:6            Lair (4/8) D:10
 Shoals (0/4) Lair:3        Snake (0/4) Lair:4
    Orc: D:9-12

Altars:
Ashenzari
Cheibriados
Dithmenos
Elyvilon
Fedhas
Gozag
Kikubaaqudgha
Makhleb
Nemelex Xobeh
Okawaru
Qazlal
Ru
Sif Muna
Trog
Vehumet
Xom
Yredelemnul
Zin
The Shining One

Annotations:
Lair:1 exclusion: hydra
Lair:2 exclusion: upstairs
Lair:4 Harold


Message History

The sheep dies!
The bolt of fire hits you!
The tree burns like a torch!
Harold throws a throwing net.
The throwing net hits you.
You become entangled in the net!
You see here a throwing net.
You try to slip out of the net.
The forest fire spreads!
The forest fire spreads!
You try to slip out of the net.
You slip out of the net!
Harold throws a throwing net.
The throwing net hits you.
You become entangled in the net!
You try to slip out of the net.
You try to slip out of the net.
You are engulfed in roaring flames.
* * * LOW HITPOINT WARNING * * *
Harold is engulfed in roaring flames.
Harold hits you with a dire flail!
* * * LOW HITPOINT WARNING * * *
Read which item? (? for menu, Esc to quit)
Okay, then.
Drink which item? (? for menu, Esc to quit)
You feel much better.
You are engulfed in roaring flames.
You die...

.......P##.... .. .
.......###..##... .. ##.#..##
.# #.# # ###...# ####.### P#
#P..######≈♣P.≈≈♣## .P##
.P##......#P≈≈...≈♣≈######....#
..........#♣≈♣♣.♣♣≈.#.......>..
........)<#P≈♣...♣.♣#.(........
...............>@@§.†.†..#....#
.........)#.≈♣..§§♣P#....# ..P
..........#≈P♣♣..♣.♣#....# #
..........#≈♣♣..≈≈♣≈#....#
..........##≈.♣.♣≈♣##...††.
...........####.### ........
#.#..#.P#... #.# ......†...
...#### ... ......... #..


You could see Harold.

Vanquished Creatures
  7 hydras
  A queen ant (Lair:1)
  An unseen horror (D:10)
  Pikel (D:4)
  A manticore (Lair:3)
  A griffon (Lair:3)
  2 black mambas (Lair:1)
  A centaur zombie (D:10)
  An elephant (Lair:3)
  Joseph (D:8)
  10 spiny frogs
  10 komodo dragons
  A fire drake (Lair:4)
  Grinder (D:4)
  11 blink frogs
  A wraith (D:10)
  2 basilisks
  18 yaks
  3 nagas
  6 wolves
  Menkaure (D:7)
  3 hippogriffs
  Edmund (D:4)
  10 porcupines
  20 soldier ants (Lair:1)
  9 water moccasins
  2 sky beasts
  2 slaves (D:4)
  A wasp (D:8)
  An orc warrior (D:6)
  4 phantoms
  3 black bears
  9 ice beasts
  7 ogres
  3 centaurs
  9 crocodiles
  13 giant frogs
  2 water moccasin zombies (Ossuary)
  A wyvern zombie (D:8)
  3 scorpions
  3 wights (D:9)
  An electric eel (Lair:2)
  6 killer bees
  5 hounds
  2 crimson imps
  3 jellies
  A gnoll shaman (D:5)
  An orc priest (D:7)
  2 centaur skeletons
  A giant frog zombie (D:8)
  6 orc wizards
  Ijyb (D:2)
  3 giant frog skeletons
  Terence (D:2)
  27 worker ants
  Natasha (twice) (D:2)
  8 iguanas
  5 big kobold zombies (Ossuary)
  4 sheep (Lair:4)
  A hound zombie (D:5)
  2 mummies (Ossuary)
  3 hound skeletons
  4 worker ant zombies
  Robin (D:4)
  6 adders
  29 river rats
  4 gnolls (D:5)
  2 shadow imps
  6 adder zombies (Ossuary)
  2 worms
  3 adder skeletons
  10 giant geckos
  28 orcs
  2 bat zombies (D:7)
  3 giant cockroaches
  7 hobgoblins
  3 jackals (D:3)
  13 kobolds
  7 quokkas
  A ball python (D:4)
  10 bats
  A giant newt (D:1)
  4 gnoll zombies (Ossuary)
  10 goblins
  A hobgoblin zombie (Ossuary)
  4 kobold zombies (Ossuary)
  2 orc zombies (Ossuary)
  5 rats
  A rat zombie (D:7)
  A plant (D:6)
442 creatures vanquished.

Vanquished Creatures (others)
  A slave (D:4)
  A sheep (Lair:4)
  A goblin (D:4)
  9 fungi
  6 plants
18 creatures vanquished.

Grand Total: 460 creatures vanquished

Notes
Turn   | Place    | Note
--------------------------------------------------------------
     0 | D:1      | septik the Deep Elf Fire Elementalist began the quest for the Orb.
     0 | D:1      | Reached XP level 1. HP: 10/10 MP: 6/6
   146 | D:1      | Reached XP level 2. HP: 15/15 MP: 6/8
   630 | D:2      | Reached XP level 3. HP: 19/19 MP: 7/9
   656 | D:2      | Reached skill level 4 in Fire Magic
   971 | D:2      | Learned a level 3 spell: Conjure Flame
  1014 | D:2      | Noticed Ijyb
  1030 | D:2      | Killed Ijyb
  1030 | D:2      | Reached XP level 4. HP: 15/24 MP: 1/10
  1300 | D:2      | Noticed Terence
  1347 | D:2      | Killed Terence
  1443 | D:2      | Noticed Natasha
  1451 | D:2      | Killed Natasha
  1451 | D:2      | Reached XP level 5. HP: 10/28 MP: 3/11
  1574 | D:2      | Noticed Natasha
  1578 | D:2      | Killed Natasha
  1578 | D:2      | Reached skill level 5 in Fire Magic
  1991 | D:3      | Learned a level 4 spell: Sticky Flame
  2276 | D:4      | Noticed an ogre
  2285 | D:4      | Killed an ogre
  2285 | D:4      | Reached XP level 6. HP: 32/32 MP: 1/12
  2370 | D:4      | Reached skill level 6 in Fire Magic
  2382 | D:4      | Noticed a slave
  2463 | D:4      | Reached skill level 5 in Conjurations
  2655 | D:4      | Reached XP level 7. HP: 36/36 MP: 4/14
  2675 | D:4      | Learned a level 5 spell: Fireball
  2831 | D:4      | Noticed Edmund
  2873 | D:4      | Killed Edmund
  3017 | D:4      | Noticed Robin
  3079 | D:4      | Noticed Pikel
  3079 | D:4      | Noticed a slave
  3080 | D:4      | Noticed a slave
  3218 | D:4      | Noticed a slave
  3226 | D:4      | Killed a slave
  3335 | D:4      | Killed Robin
  3470 | D:4      | Killed a slave
  3527 | D:4      | Noticed Grinder
  3545 | D:5      | Entered Level 5 of the Dungeon
  3555 | D:5      | Found a sparkling altar of Nemelex Xobeh.
  3582 | D:5      | Reached skill level 7 in Fire Magic
  4106 | D:4      | Killed Pikel
  4106 | D:4      | Reached skill level 8 in Conjurations
  4106 | D:4      | Reached XP level 8. HP: 41/41 MP: 0/16
  4173 | D:4      | Killed a freed slave
  4637 | D:5      | Reached skill level 1 in Short Blades
  4649 | D:5      | Reached skill level 1 in Armour
  5001 | D:6      | Reached skill level 1 in Fighting
  5046 | D:6      | Found a sand-covered staircase.
  5051 | Ossuary  | Entered an ossuary
  5452 | Ossuary  | Reached XP level 9. HP: 13/48 MP: 17/17
  5458 | Ossuary  | Reached skill level 1 in Evocations
  5878 | D:6      | Found a glowing silver altar of Zin.
  5961 | D:6      | Found a glowing golden altar of the Shining One.
  5961 | D:6      | Found a basalt altar of Yredelemnul.
  6011 | D:6      | Found an opulent altar of Gozag.
  6513 | D:6      | Found a staircase to the Ecumenical Temple.
  6522 | Temple   | Entered the Ecumenical Temple
  6574 | Temple   | Became a worshipper of Vehumet
  6708 | D:7      | Noticed Menkaure
  6710 | D:7      | Killed Menkaure
  7721 | D:7      | Found an ancient bone altar of Kikubaaqudgha.
  8325 | D:4      | Paralysed by Grinder for 4 turns
  8329 | D:4      | Killed Grinder
  8746 | D:8      | Noticed Joseph
  8788 | D:7      | Reached * piety under Vehumet
  8788 | D:7      | Offered knowledge of Freeze by Vehumet.
  9253 | D:8      | Reached skill level 5 in Spellcasting
  9419 | D:8      | Found a blossoming altar of Fedhas.
  9481 | D:8      | Killed Joseph
  9481 | D:8      | Reached XP level 10. HP: 23/56 MP: 0/19
  9978 | D:9      | Reached skill level 9 in Fire Magic
 10081 | D:9      | Found a bloodstained altar of Trog.
 10105 | D:9      | Reached skill level 5 in Short Blades
 10656 | D:9      | Offered knowledge of Throw Frost by Vehumet.
 11071 | D:9      | Reached ** piety under Vehumet
 11603 | D:9      | Reached skill level 5 in Evocations
 11719 | D:10     | Entered Level 10 of the Dungeon
 12277 | D:10     | Killed an unseen horror
 12277 | D:10     | Reached skill level 5 in Fighting
 12353 | D:10     | Learned a level 6 spell: Deflect Missiles
 12383 | D:10     | Found a staircase to the Lair.
 12657 | D:10     | Reached skill level 1 in Charms
 12698 | D:10     | Reached XP level 11. HP: 29/63 MP: 1/22
 12938 | Lair:1   | Entered Level 1 of the Lair of Beasts
 13503 | Lair:1   | Got a bloodstained robe
 13514 | Lair:1   | Identified the +2 robe of Spite {Str+4} (You found it on level 1 of the Lair of Beasts)
 13593 | Lair:1   | Offered knowledge of Static Discharge by Vehumet.
 14003 | Lair:1   | Noticed a queen ant
 14134 | Lair:1   | Killed a queen ant
 14188 | Lair:1   | Reached *** piety under Vehumet
 14415 | Lair:1   | Noticed an eight-headed hydra
 14479 | Lair:1   | Reached skill level 5 in Dodging
 15164 | Lair:1   | Offered knowledge of Mephitic Cloud by Vehumet.
 16992 | Lair:2   | Noticed a six-headed hydra
 16998 | Lair:2   | Killed a six-headed hydra
 16998 | Lair:2   | Reached XP level 12. HP: 72/72 MP: 5/27
 17859 | Lair:1   | Reached **** piety under Vehumet
 17951 | Lair:1   | Killed an eight-headed hydra
 17951 | Lair:1   | Reached skill level 5 in Charms
 18186 | Lair:2   | Noticed a six-headed hydra
 18193 | Lair:2   | Killed a six-headed hydra
 18193 | Lair:2   | Offered knowledge of Force Lance by Vehumet.
 18295 | Lair:3   | Found a staircase to the Shoals.
 18799 | Lair:2   | Reached skill level 1 in Air Magic
 19138 | Lair:3   | Reached skill level 10 in Spellcasting
 19954 | Lair:3   | Noticed an eight-headed hydra
 19959 | Lair:3   | Killed an eight-headed hydra
 20546 | Lair:3   | Reached ***** piety under Vehumet
 20915 | Lair:3   | Offered knowledge of Poisonous Cloud by Vehumet.
 20915 | Lair:3   | Reached XP level 13. HP: 60/79 MP: 19/29
 20929 | Lair:3   | Reached skill level 10 in Charms
 21312 | Lair:4   | Found a staircase to the Snake Pit.
 21761 | Lair:4   | Found a frozen archway.
 21850 | Lair:3   | Reached skill level 11 in Charms
 22163 | Lair:4   | Noticed Harold
 22182 | Lair:4   | Engulfed by Harold's flame

Action                   |  1- 3 |  4- 6 |  7- 9 | 10-12 | 13-15 || total
-------------------------+-------+-------+-------+-------+-------++-------
Melee: Rapier            |       |       |   127 |    85 |     4 ||   216
Throw: Tomahawk          |       |     6 |       |       |       ||     6
       Stone             |       |     5 |    11 |    45 |     3 ||    64
 Cast: Flame Tongue      |    64 |    93 |   358 |   703 |   130 ||  1348
       Conjure Flame     |       |     6 |    27 |    53 |       ||    86
       Fireball          |       |       |    22 |    56 |    26 ||   104
       Sticky Flame      |       |       |       |    30 |     7 ||    37
  Use: Scroll            |       |       |    16 |    12 |       ||    28
       Potion            |       |       |       |     2 |     1 ||     3
 Stab: Sleeping          |       |       |     2 |       |       ||     2
  Eat: Chunk             |       |     5 |    43 |    46 |     7 ||   101
